 Dungeon Crawl Stone Soup version 0.18.1-50-g88ac8fd (webtiles) character file.

5700 go0n the Spear-Bearer (level 10, -9/68 HPs)
             Began as a Gargoyle Fighter on Sept 22, 2016.
             Was a High Priest of Okawaru.
             Mangled by Maud
             ... wielding a +3 demon trident
              (18 damage)
             ... on level 10 of the Dungeon.
             The game lasted 00:40:49 (8523 turns).

go0n the Spear-Bearer (Gargoyle Fighter)            Turns: 8523, Time: 00:40:49

Health: -9/68      AC: 15    Str: 23    XL:     10   Next: 76%
Magic:  10/10      EV: 14    Int:  9    God:    Okawaru [*****.]
Gold:   559        SH: 12    Dex: 16    Spells: 0 memorised, 9 levels left

rFire  + . .     SeeInvis .     k - +3 trident "Uruiha" {elec, rC- MR+ Dex+2}
rCold  . . .     Gourm    .     X - +2 leather armour "Iwin" {*Contam rElec rC+ rN++}
rNeg   + + +     Faith    .     c - +2 shield
rPois  ∞         Spirit   .     d - +0 helmet
rElec  +         Dismiss  +     m - +0 cloak
rCorr  .         Reflect  .     (no gloves)
SustAt .         Harm     .     q - +0 pair of boots
MR     ++...     Clarity  +     O - amulet of dismissal
Stlth  ++........               s - ring of protection from magic
                                t - ring of protection from fire

@: agile, very slightly contaminated, invisible, very resistant to hostile
enchantments, unstealthy
A: claws 1, talons 2, clarity, negative energy resistance 1, regeneration 1,
electricity resistance, unbreathing, petrification resistance, rot immunity, AC
+7
a: Heroism, Finesse, Renounce Religion


You were on level 10 of the Dungeon.
You worshipped Okawaru.
Okawaru was extremely pleased with you.
You were not hungry.

You visited 1 branch of the dungeon, and saw 10 of its levels.
You also visited: Sewer.

You collected 559 gold pieces.

Inventory:

Hand Weapons
 k - the +3 trident "Uruiha" (weapon) {elec, rC- MR+ Dex+2}
   (You found it on level 4 of the Dungeon)

   Occasionally, upon striking a foe, it will discharge some electrical energy
   and cause terrible harm.
   It affects your dexterity (+2).
   It makes you vulnerable to cold.
   It affects your resistance to hostile enchantments.
 J - a +5 scythe of flaming
 V - a cursed -2 halberd
Missiles
 b - 3 throwing nets
 e - 22 poisoned needles
 v - 20 tomahawks (quivered)
Armour
 c - a +2 shield (worn)
 d - a +0 helmet (worn)
 g - a +0 chain mail
 m - a +0 cloak (worn)
 q - a +0 pair of boots (worn)
 x - a +0 plate armour
 P - a +0 plate armour
 X - the +2 leather armour "Iwin" (worn) {*Contam rElec rC+ rN++}
   (You found it on level 8 of the Dungeon)

   It protects you from cold.
   It insulates you from electricity.
   It greatly protects you from negative energy.
   It causes magical contamination when unequipped.
Magical Staves
 N - an uncursed staff of poison {unknown}
Jewellery
 n - an uncursed amulet of magic regeneration
 s - a ring of protection from magic (right claw)
 t - a ring of protection from fire (left claw)
 F - an uncursed ring of ice
 O - an amulet of dismissal (around neck)
Wands
 p - a wand of heal wounds (0/9)
 A - a wand of lightning (2/15)
 G - a wand of lightning (0/15)
 S - a wand of polymorph (13/24)
Scrolls
 h - 4 scrolls of remove curse
 l - a scroll of random uselessness
 u - 4 scrolls of teleportation
 B - 5 scrolls of fog
 D - 2 scrolls of amnesia
 E - a scroll of identify
 I - 2 scrolls of enchant armour
 T - a scroll of recharging
Potions
 a - 2 potions of degeneration
 i - 2 potions of brilliance
 o - a potion of berserk rage
 w - a potion of invisibility
 z - a potion of flight
 C - a potion of agility
 H - a potion of resistance {unknown}
 K - a potion of blood
 R - a potion of ambrosia {unknown}
 W - 3 potions of haste
Books
 y - a book of Misfortune

   Spells                             Type                      Level
   a - Confusing Touch                Hexes                        2
   b - Confuse                        Hexes                        3
   c - Gell's Gravitas                Hexes/Translocation          3
   d - Petrify                        Transmutation/Earth          4
   e - Metabolic Englaciation         Hexes/Ice                    5
   f - Yara's Violent Unravelling     Hexes/Transmutation          5
 L - a book of Conjurations

   Spells                             Type                      Level
   a - Magic Dart                     Conjuration                  1
   b - Searing Ray                    Conjuration                  2
   c - Dazzling Spray                 Conjuration/Hexes            3
   d - Fulminant Prism                Conjuration/Hexes            4
   e - Iskenderun's Mystic Blast      Conjuration                  4
   f - Iskenderun's Battlesphere      Conjuration/Charms           5
 M - a Young Poisoner's Handbook

   Spells                             Type                      Level
   a - Sting                          Conjuration/Poison           1
   b - Cure Poison                    Poison                       2
   c - Mephitic Cloud                 Conjuration/Poison/Air       3
   d - Olgreb's Toxic Radiance        Poison                       4
   e - Venom Bolt                     Conjuration/Poison           5
 Q - a book of Air

   Spells                             Type                      Level
   a - Shock                          Conjuration/Air              1
   b - Swiftness                      Charms/Air                   2
   c - Repel Missiles                 Charms/Air                   2
   d - Static Discharge               Conjuration/Air              3
   e - Lightning Bolt                 Conjuration/Air              5
 Y - a Fen Folio

   Spells                             Type                      Level
   a - Corpse Rot                     Necromancy                   2
   b - Stone Arrow                    Conjuration/Earth            3
   c - Leda's Liquefaction            Hexes/Earth                  4
   d - Summon Forest                  Summoning/Translocation      5
   e - Hydra Form                     Transmutation                6
   f - Summon Hydra                   Summoning                    7
 Z - a book of Spatial Translocations

   Spells                             Type                      Level
   a - Apportation                    Translocation                1
   b - Blink                          Translocation                2
   c - Shroud of Golubria             Charms/Translocation         2
   d - Portal Projectile              Translocation                3
   e - Teleport Other                 Translocation                3
   f - Passage of Golubria            Translocation                4
Comestibles
 f - 7 bread rations
 j - 3 beef jerkies
 r - 6 chunks of flesh
 U - 3 meat rations


   Skills:
 + Level 10.5 Fighting
   Level 2.9 Maces & Flails
 + Level 10.9 Polearms
 - Level 3.2 Armour
 + Level 5.2 Shields


You had 9 spell levels left.
You didn't know any spells.

Dungeon Overview and Level Annotations

Branches:
Dungeon (10/15)            Temple (0/1) D:5
   Lair: D:8-11         Orc: D:9-12

Altars:
Cheibriados
Dithmenos
Gozag
Nemelex Xobeh
Okawaru
Qazlal
Trog
Vehumet
Zin
The Shining One

Annotations:
D:9 Kronon's ghost, novice DsWn
D:10 Maud


Innate Abilities, Weirdness & Mutations

You are resistant to torment.
Your stone body is resilient (AC +7).
You are immune to poison.
You resist negative energy.
You are resistant to electric shocks.
You can survive without breathing.
You are immune to petrification.
You are immune to rotting.
You have sharp fingernails.
You have razor-sharp toenails.
You possess an exceptional clarity of mind.
Your natural rate of healing is unusually fast.


Message History

Evoking this partially-identified wand wasted a few charges.
There is an open door here.
Drink which item? (? for menu, Esc to quit)
You fade into invisibility!
You block Maud's attack.
You are very lightly contaminated with residual magic.
Attack whom?
Press: ? - help, Dir - move target cursor, f/p - Maud
Aim: Maud, wielding an enchanted demon trident and wearing a chain mail (severely wounded, hasn't noticed you)
You reach to attack!
You strike the helpless Maud from behind!
You hit Maud but do no damage.
Maud is severely wounded.
You hit Maud.
There is a sudden explosion of sparks!
Maud is severely wounded.
Maud hits you with an enchanted demon trident!
* * * LOW HITPOINT WARNING * * *
Maud screams, "Your life or 'Entarex'!
You must choose!"
Maud hits you from afar with an enchanted demon trident!!
You die...

#...........###......
#....)....### #......
#.........# #......
#.........# #####'#
###.####### #.. #.#
### #@# #.## #.@##
#.... ##..## #..@.
##..# #....
#######.####### #....
...............
......
#######.#######
##.... #..# #####
##.# #.#


You could see Maud.

Vanquished Creatures
  Pikel (D:6)
  A merfolk (D:9)
  A two-headed ogre (D:9)
  Grinder (D:5)
  The ghost of Loris the Spear-Bearer, an amateur MfSk (D:4)
  Sigmund (D:4)
  4 yaks (D:9)
  A vampire (D:10)
  The ghost of cedor the Skirmisher, an amateur DsCK of Xom (Sewer)
  6 centaurs
  Duvessa (D:6)
  An ice beast (D:10)
  2 phantoms (D:6)
  3 slaves (D:6)
  A black bear (D:10)
  A sky beast (D:6)
  3 ogres
  A big kobold (D:8)
  6 giant frogs
  A wyvern zombie (D:7)
  Dowan (D:6)
  A wyvern skeleton (D:6)
  A killer bee (D:8)
  4 howler monkeys
  2 crimson imps
  A quasit (D:9)
  3 centaur skeletons
  6 hounds
  6 orc wizards
  A jelly (D:10)
  A giant frog skeleton (D:6)
  4 iguanas
  Crazy Yiuf (D:6)
  7 worker ants
  2 hound zombies (D:8)
  A hound skeleton (D:7)
  A howler monkey zombie (D:5)
  A worker ant zombie (D:6)
  Robin (D:3)
  11 gnolls
  4 adders
  2 shadow imps (D:6)
  5 oozes
  3 worms
  5 dart slugs
  11 giant geckos
  17 orcs
  4 ball pythons
  12 bats
  12 giant cockroaches
  16 goblins
  4 hobgoblins
  7 jackals
  11 kobolds
  6 quokkas
  5 giant newts
  A quokka skeleton (D:7)
  5 rats
224 creatures vanquished.

Vanquished Creatures (others)
  A slave (D:6)
  An ice beast (D:10)
2 creatures vanquished.

Grand Total: 226 creatures vanquished

Notes
Turn   | Place    | Note
--------------------------------------------------------------
     0 | D:1      | go0n the Gargoyle Fighter began the quest for the Orb.
     0 | D:1      | Reached XP level 1. HP: 14/14 MP: 1/1
   229 | D:1      | Reached XP level 2. HP: 19/19 MP: 2/2
   565 | D:1      | Reached XP level 3. HP: 24/24 MP: 3/3
   906 | D:2      | Reached XP level 4. HP: 25/29 MP: 4/4
  1108 | D:2      | You fall through a shaft for 2 floors!
  1109 | D:4      | Found an iron altar of Okawaru.
  1120 | D:4      | Found a radiant altar of Vehumet.
  1122 | D:4      | Found a glowing silver altar of Zin.
  1125 | D:4      | Became a worshipper of Warmaster Okawaru
  1129 | D:4      | Found a snail-covered altar of Cheibriados.
  1131 | D:4      | Found a sparkling altar of Nemelex Xobeh.
  1207 | D:4      | Got an ancient trident
  1211 | D:4      | Identified the +3 trident "Uruiha" {elec, rC- MR+ Dex+2} (You found it on level 4 of the Dungeon)
  1320 | D:4      | Reached XP level 5. HP: 34/34 MP: 5/5
  1590 | D:2      | Reached skill level 1 in Polearms
  2194 | D:3      | Noticed Robin
  2218 | D:3      | Killed Robin
  2484 | D:4      | Noticed an ogre
  2493 | D:4      | Killed an ogre
  2493 | D:4      | Reached skill level 5 in Fighting
  2493 | D:4      | Reached XP level 6. HP: 25/40 MP: 6/6
  2611 | D:4      | Noticed Loris's ghost (amateur MfSk)
  2632 | D:4      | Killed Loris's ghost
  2632 | D:4      | Reached * piety under Okawaru
  2632 | D:4      | Reached XP level 7. HP: 33/45 MP: 7/7
  2911 | D:4      | Noticed Sigmund
  2920 | D:4      | Killed Sigmund
  3485 | D:5      | Entered Level 5 of the Dungeon
  3498 | D:4      | Gained mutation: You have sharp toenails. [potion of beneficial mutation]
  3527 | D:5      | Reached ** piety under Okawaru
  3578 | D:5      | Reached skill level 5 in Polearms
  3585 | D:5      | Noticed Grinder
  3595 | D:5      | Killed Grinder
  3595 | D:5      | Reached XP level 8. HP: 52/52 MP: 8/8
  3733 | D:5      | Found a stormy altar of Qazlal.
  4103 | D:5      | Found a staircase to the Ecumenical Temple.
  4297 | D:6      | Noticed Pikel
  4341 | D:6      | Killed Pikel
  4341 | D:6      | Reached *** piety under Okawaru
  4341 | D:6      | Reached XP level 9. HP: 57/59 MP: 9/9
  4370 | D:6      | Reached **** piety under Okawaru
  4479 | D:6      | Found a glowing drain.
  4488 | Sewer    | Entered a sewer
  4488 | Sewer    | Noticed cedor's ghost (amateur DsCK)
  4509 | Sewer    | Killed cedor's ghost
  5252 | D:6      | Noticed Duvessa
  5257 | D:6      | Noticed Dowan
  5258 | D:6      | Killed Duvessa
  5263 | D:6      | Killed Dowan
  5296 | D:6      | Found a glowing golden altar of the Shining One.
  5437 | D:6      | Found an opulent altar of Gozag.
  5696 | D:6      | Noticed Crazy Yiuf
  5699 | D:6      | Killed Crazy Yiuf
  5929 | D:7      | Gained mutation: Your natural rate of healing is unusually fast. [potion of beneficial mutation]
  5983 | D:7      | Reached XP level 10. HP: 66/66 MP: 10/10
  6185 | D:7      | Found a bloodstained altar of Trog.
  6600 | D:8      | Found an opulent altar of Gozag.
  6864 | D:8      | Got an ichor-stained leather armour
  6893 | D:8      | Identified the +2 leather armour "Iwin" {*Contam rElec rC+ rN++} (You found it on level 8 of the Dungeon)
  6907 | D:8      | Reached skill level 10 in Polearms
  7266 | D:9      | Found a shadowy altar of Dithmenos.
  7275 | D:9      | Noticed Kronon's ghost (novice DsWn)
  7710 | D:9      | Reached ***** piety under Okawaru
  7710 | D:9      | Reached skill level 10 in Fighting
  7872 | D:9      | Gained mutation: You have razor-sharp toenails. [potion of mutation]
  7872 | D:9      | Gained mutation: You have sharp fingernails. [potion of mutation]
  7872 | D:9      | Gained mutation: You possess an exceptional clarity of mind. [potion of mutation]
  8329 | D:10     | Entered Level 10 of the Dungeon
  8362 | D:10     | Reached skill level 5 in Shields
  8467 | D:10     | Noticed Maud
  8523 | D:10     | Mangled by Maud

Skill      XL: |  1  2  3  4  5  6  7  8  9 10 |
---------------+-------------------------------+-----
Fighting       | 4 5 6 8 9 10 | 10.5
Shields        | 4 5 |  5.2
Polearms       | 2 3 5 7 9 10 | 10.9
Maces & Flails | |  2.9
Armour         | |  3.2

Action                   |  1- 3 |  4- 6 |  7- 9 | 10-12 || total
-------------------------+-------+-------+-------+-------++-------
Melee: Flail             |    35 |       |       |       ||    35
       Whip              |    97 |    17 |       |       ||   114
       Trident           |       |   122 |   276 |   220 ||   618
       Kick              |       |       |    45 |       ||    45
Throw: Tomahawk          |       |       |       |     2 ||     2
Invok: Heroism           |       |       |     1 |       ||     1
Evoke: Wand              |       |     1 |     7 |     3 ||    11
  Use: Scroll            |     4 |     1 |    13 |     4 ||    22
       Potion            |     3 |     1 |     5 |     6 ||    15
 Stab: Invisible         |       |       |       |     1 ||     1
  Eat: Chunk             |       |     5 |     5 |     3 ||    13
       Bread ration      |       |       |     2 |     1 ||     3
Armor: Scale mail        |    63 |    75 |   112 |       ||   250
       Chain mail        |       |       |    32 |       ||    32
       Leather armour    |       |       |       |    53 ||    53
       Plate armour      |       |       |       |    25 ||    25
       Skin              |       |       |       |     1 ||     1
Dodge: Dodged            |    46 |    35 |    54 |    63 ||   198
Block: Shield            |    61 |    72 |   159 |   113 ||   405
